 Dungeon Crawl Stone Soup version 0.17.0-7-gfadd4cc (webtiles) character file.

4972 Anothat the Martial Artist (level 10, -2/53 HPs)
             Began as a Vine Stalker Monk on Nov 8, 2015.
             Was a Priest of Makhleb.
             Slain by a manticore (6 damage)
             ... on level 8 of the Dungeon.
             The game lasted 00:22:22 (7401 turns).

Anothat the Martial Artist (Vine Stalker Monk)      Turns: 7401, Time: 00:22:22

Health: -2/53      AC:  5    Str: 15    XL:     10   Next: 53%
Magic:  0/11       EV: 19    Int: 10    God:    Makhleb [***...]
Gold:   301        SH:  0    Dex: 19    Spells: 0 memorised, 9 levels left

rFire  . . .     SeeInvis .       - Unarmed
rCold  . . .     Clarity  .     d - +1 animal skin
rNeg   . . .     SustAt   .     (no shield)
rPois  .         Gourm    .     (no helmet)
rElec  .         Spirit   +     D - +0 cloak
rCorr  .         Warding  .     (no gloves)
rMut   .         Stasis   .     p - +0 pair of boots
MR     +....                    (no amulet)
Stlth  ++........               (no ring)
                                (no ring)

@: manticore barbs, somewhat resistant to hostile enchantments, unstealthy
A: fangs 3, regeneration 2, magic shield, antimagic bite, no device heal 3, rot
immunity
a: Minor Destruction, Lesser Servant of Makhleb, Renounce Religion


You were on level 8 of the Dungeon.
You worshipped Makhleb.
Makhleb was most pleased with you.
You were not hungry.

You visited 2 branches of the dungeon, and saw 9 of its levels.
You also visited: Ossuary.

You collected 301 gold pieces.

Inventory:

Armour
 a - a +0 robe
 d - a +1 animal skin (worn)
 p - a +0 pair of boots (worn)
 u - a +0 shadow dragon armour
 D - a +0 cloak (worn)
Jewellery
 s - an uncursed ring of flight
Wands
 n - a wand of paralysis (9)
 w - a wand of lightning (1)
 C - a wand of slowing (15)
 E - a wand of flame (25)
 G - a wand of cold (1)
 H - a wand of teleportation (5)
Scrolls
 c - 4 scrolls of enchant armour
 e - 4 scrolls of fear
 g - 5 scrolls of amnesia
 h - 4 scrolls of teleportation
 t - 3 scrolls of recharging {unknown}
 y - a scroll of magic mapping
 z - 2 scrolls of remove curse
 B - a scroll of fog
 F - 2 scrolls of identify
Potions
 f - 5 potions of curing
 i - a potion of might
 j - 4 potions of lignification
 k - a potion of resistance
 l - 2 potions of brilliance
 m - 2 potions of poison
 o - a potion of mutation
 q - a potion of haste
 r - a potion of flight {unknown}
 v - a potion of heal wounds {unknown}
 x - a potion of experience {unknown}
Comestibles
 b - 2 bread rations
 A - 3 meat rations
 I - a chunk of flesh


   Skills:
 + Level 6.7 Fighting
 * Level 8.5 Dodging
 - Level 2.4 Stealth
 * Level 10.5 Unarmed Combat


You had 9 spell levels left.
You didn't know any spells.

Dungeon Overview and Level Annotations

Branches:
Dungeon (8/15)             Temple (1/1) D:6
   Lair: D:8-11

Altars:
Ashenzari
Cheibriados
Dithmenos
Elyvilon
Fedhas
Gozag
Kikubaaqudgha
Makhleb
Nemelex Xobeh
Okawaru
Qazlal
Ru
Sif Muna
Trog
Vehumet
Xom
Yredelemnul
Zin
The Shining One

Shops:
D:4 :   D:6 (   D:8 *

Annotations:
D:3 st0uf's ghost, amateur DrTm


Innate Abilities, Weirdness & Mutations

You have razor-sharp teeth.
You heal very quickly.
When hurt, damage is shared between your health and your magic reserves.
Your bite disrupts and absorbs the magic of your enemies.
Potions and wands cannot restore your health.
You are immune to rotting.


Message History

The manticore claws you but does no damage.
The manticore completely misses you.
You punch the manticore!
The manticore is severely wounded.
The manticore completely misses you. The manticore closely misses you.
The manticore barely misses you.
You barely miss the manticore. You bite the manticore. You drain its power.
The manticore is severely wounded.
The manticore bites you!!
* * * LOW HITPOINT WARNING * * *
The manticore barely misses you. The manticore claws you!
* * * LOW HITPOINT WARNING * * *
You hit the manticore but do no damage. You bite the manticore.
You drain its power.
You feel invigorated.
The manticore is severely wounded.
You closely miss the manticore.
You bite the manticore, but do no damage.
The manticore is severely wounded.
The manticore bites you!
You die...

.....#....#...........
.....#########'#........
.....#.........#........
.....#.........#........
.....##'####...#........
...........#...#.......#
...........#####.......#
.......................#
................@H.....#
.....######....>.......# .....#
#............# .....#
#............# .....#
##'###.......#
.....#######...#..>....#
....p#.........#.......#
.....#....##...######..#
..>..############......########


You could see a manticore.

Vanquished Creatures
  Erica (D:8)
  Erolcha (D:8)
  Pikel (D:8)
  The ghost of Vidiiot the Cleaver, a novice HOIE (D:6)
  A hungry ghost (D:7)
  A hippogriff (D:7)
  A slave (D:7)
  2 sky beasts
  A black bear (D:5)
  3 ogres
  An ice beast (D:6)
  A phantom (D:5)
  2 giant frogs
  13 scorpions
  3 wights (D:6)
  4 crimson imps
  2 hounds
  A centaur zombie (Ossuary)
  3 orc priests
  A centaur skeleton (D:7)
  Crazy Yiuf (D:7)
  3 human zombies (Ossuary)
  2 iguanas
  5 orc wizards
  7 worker ants
  2 big kobold zombies (Ossuary)
  3 mummies (Ossuary)
  Robin (D:3)
  3 gnolls (D:6)
  8 adders
  5 scorpion zombies (Ossuary)
  A worker ant zombie (D:6)
  A shadow imp (D:8)
  An adder skeleton (D:6)
  3 worms
  3 giant geckos
  13 orcs
  4 ball pythons
  3 giant cockroaches
  16 goblins
  7 hobgoblins
  A quokka (D:2)
  4 bats
  A giant newt (D:4)
  A gnoll zombie (Ossuary)
  3 hobgoblin zombies (Ossuary)
  2 jackal zombies
  4 kobolds
  2 kobold zombies (Ossuary)
  An orc zombie (Ossuary)
  5 rats
160 creatures vanquished.

Vanquished Creatures (others)
  A slave (D:8)
1 creature vanquished.

Grand Total: 161 creatures vanquished

Notes
Turn   | Place    | Note
--------------------------------------------------------------
     0 | D:1      | Anothat the Vine Stalker Monk began the quest for the Orb.
     0 | D:1      | Reached XP level 1. HP: 11/11 MP: 2/2
   143 | D:1      | Reached XP level 2. HP: 13/16 MP: 3/3
  1220 | D:2      | Reached XP level 3. HP: 20/20 MP: 4/4
  1457 | D:2      | Reached XP level 4. HP: 16/24 MP: 2/5
  1768 | D:2      | Reached skill level 5 in Unarmed Combat
  1858 | D:3      | Noticed Robin
  1938 | D:3      | Killed Robin
  1942 | D:3      | Got a twisted helmet
  1949 | D:3      | Identified the cursed -3 helmet of the Princeling {rC+ Int+3} (You took it off Robin on level 3 of the Dungeon)
  1986 | D:3      | Noticed st0uf's ghost (amateur DrTm)
  1998 | D:4      | Noticed a giant frog
  2008 | D:4      | Killed a giant frog
  2008 | D:4      | Reached XP level 5. HP: 12/28 MP: 3/6
  2160 | D:4      | Gained mutation: You heal very quickly. [Vine Stalker growth]
  2160 | D:4      | Reached XP level 6. HP: 20/32 MP: 5/7
  2307 | D:4      | Found a sand-covered staircase.
  2311 | Ossuary  | Entered an ossuary
  2465 | Ossuary  | Reached skill level 6 in Unarmed Combat
  2519 | Ossuary  | Reached XP level 7. HP: 16/37 MP: 3/8
  2864 | Ossuary  | Reached skill level 7 in Unarmed Combat
  2926 | Ossuary  | Gained mutation: You have razor-sharp teeth. [Vine Stalker growth]
  2926 | Ossuary  | Reached XP level 8. HP: 42/42 MP: 9/9
  2937 | Ossuary  | Reached skill level 5 in Dodging
  3589 | D:4      | Found Axigub's Book Emporium.
  3595 | D:4      | Noticed an ogre
  3631 | D:4      | Killed an ogre
  3956 | D:5      | Entered Level 5 of the Dungeon
  4068 | D:5      | Reached skill level 5 in Fighting
  4363 | D:5      | Reached skill level 8 in Unarmed Combat
  5024 | D:6      | Found a staircase to the Ecumenical Temple.
  5036 | D:6      | Reached XP level 9. HP: 39/47 MP: 10/10
  5044 | Temple   | Entered the Ecumenical Temple
  5125 | Temple   | Became a worshipper of Makhleb the Destroyer
  5125 | Temple   | Reached * piety under Makhleb
  5125 | Temple   | Reached ** piety under Makhleb
  5274 | D:6      | Noticed Vidiiot's ghost (novice HOIE)
  5301 | D:6      | Killed Vidiiot's ghost
  5733 | D:6      | Found Kanun's Antique Weapon Boutique.
  6013 | D:7      | Reached skill level 9 in Unarmed Combat
  6567 | D:7      | Noticed Crazy Yiuf
  6575 | D:7      | Killed Crazy Yiuf
  6670 | D:8      | Noticed Pikel
  6732 | D:8      | Killed Pikel
  6732 | D:8      | Reached XP level 10. HP: 53/53 MP: 11/11
  6793 | D:8      | Reached *** piety under Makhleb
  6845 | D:8      | Reached skill level 10 in Unarmed Combat
  6906 | D:8      | Noticed Erolcha
  6952 | D:8      | Killed Erolcha
  7044 | D:8      | Found a sacrificial altar of Ru.
  7044 | D:8      | Found a glowing golden altar of the Shining One.
  7045 | D:8      | Found a white marble altar of Elyvilon.
  7122 | D:8      | Noticed Erica
  7137 | D:8      | Killed Erica
  7202 | D:8      | Found Egayxud's Assorted Antiques.
  7380 | D:8      | Noticed a manticore
  7401 | D:8      | Slain by a manticore

Action                   |  1- 3 |  4- 6 |  7- 9 | 10-12 || total
-------------------------+-------+-------+-------+-------++-------
Melee: Unarmed           |    76 |   154 |   445 |    51 ||   726
Evoke: Wand              |       |       |     2 |       ||     2
  Use: Scroll            |       |    11 |     8 |     1 ||    20
       Potion            |       |       |     7 |     3 ||    10
 Stab: Sleeping          |     1 |     1 |     5 |       ||     7
       Distracted        |       |       |       |     1 ||     1
  Eat: Chunk             |     2 |     3 |     5 |     1 ||    11
       Beef jerky        |       |       |     1 |       ||     1
       Bread ration      |       |       |     1 |       ||     1
       Meat ration       |       |       |     1 |       ||     1
